 Dungeon Crawl Stone Soup version 0.22-a0-406-g9ff8d77 (webtiles) character file.

16781 Borgoz the Fighter (level 12, -17/78 HPs)
             Began as a Gargoyle Abyssal Knight on May 8, 2018.
             Was a High Priest of Lugonu.
             Demolished by an orc knight
             ... wielding a +0 great mace
              (43 damage)
             ... on level 1 of the Orcish Mines.
             The game lasted 00:29:37 (13277 turns).

Borgoz the Fighter (Gargoyle Abyssal Knight)       Turns: 13277, Time: 00:29:39

Health: -17/78     AC: 13    Str: 25    XL:     12   Next: 41%
Magic:  19/19      EV: 17    Int: 13    God:    Lugonu [*****.]
Gold:   794        SH:  0    Dex: 17    Spells: 11/11 levels left

rFire    . . .     SeeInvis .   v - +6 hand axe "Dafoistri" {flame, Str+3}
rCold    . . .     Gourm    .   (no shield)
rNeg     + + .     Faith    .   b - +0 leather armour
rPois    ∞         Spirit   .   (no helmet)
rElec    +         Reflect  .   (no cloak)
rCorr    .         Harm     .   (no gloves)
MR       .....                  (no boots)
Stlth    +.........             n - amulet of regeneration
HPRegen  0.63/turn              x - +4 ring of dexterity
MPRegen  0.16/turn              t - ring of positive energy

@: mighty
A: negative energy resistance 1, electricity resistance, unbreathing,
petrification resistance, rot immunity, AC +8
a: Depart the Abyss, Bend Space, Banish, Corrupt, Enter the Abyss, Renounce
Religion


You were on level 1 of the Orcish Mines.
You worshipped Lugonu.
Lugonu was extremely pleased with you.
You were not hungry.

You visited 3 branches of the dungeon, and saw 16 of its levels.
You visited the Abyss 1 time.

You collected 1028 gold pieces.
You spent 234 gold pieces at shops.

Inventory:

Hand Weapons
 v - the +6 hand axe "Dafoistri" (weapon) {flame, Str+3}
   (You found it on level 4 of the Dungeon)

   It has been specially enchanted to burn those struck by it, causing extra
   injury to most foes and up to half again as much damage against particularly
   susceptible opponents.
   Big, fiery blades are also staple armaments of hydra-hunters.
   It affects your strength (+3).
Armour
 b - a +0 leather armour (worn)
Jewellery
 n - an amulet of regeneration (around neck)
 t - a ring of positive energy (right hand)
 x - a +4 ring of dexterity (left hand)
 y - an uncursed ring of protection from cold
Wands
 q - a wand of digging (42)
 w - a wand of flame (11)
 z - a wand of disintegration (9)
 C - a wand of scattershot (4)
 E - a wand of polymorph (12)
Scrolls
 e - 3 scrolls of fog
 f - 5 scrolls of magic mapping
 k - a scroll of blinking
 m - 6 scrolls of teleportation
 o - 2 scrolls of fear
 r - 4 scrolls of enchant armour
 s - 7 scrolls of remove curse
 F - a scroll of enchant weapon
Potions
 d - a potion of lignification
 g - a potion of magic
 h - a potion of brilliance
 i - 2 potions of resistance
 l - 4 potions of haste
 p - 2 potions of cancellation
 B - a potion of flight
Comestibles
 c - 27 rations


   Skills:
 + Level 10.4 Fighting
 + Level 8.4 Axes
 + Level 10.1 Armour
 + Level 7.6 Dodging
 + Level 10.0 Invocations


You had 11 spell levels left.
You didn't know any spells.

Dungeon Overview and Level Annotations

Branches:
Dungeon (11/15)            Temple (0/1) D:5            Lair (3/6) D:10
    Orc (2/2) D:10            Elf (0/3) Orc:2
  Swamp: Lair:2-4    Shoals: Lair:2-4     Snake: Lair:2-4    Spider: Lair:2-4

Altars:
Ashenzari
Dithmenos
Elyvilon
Gozag
Hepliaklqana
Makhleb
Okawaru
Ru
Sif Muna
Uskayaw
Vehumet
Xom
Zin

Shops:
D:5 ?   D:7 %   D:10 (   Orc:2 [

Annotations:
D:11 Urug
Lair:1 exclusion: oklob plant


Innate Abilities, Weirdness & Mutations

You are resistant to torment.
Your stone body is resilient. (AC +8)
You are immune to poison.
You resist negative energy. (rN+)
You are resistant to electric shocks. (rElec)
You can survive without breathing.
You are immune to petrification.
You are immune to rotting.


Message History

You burn the orc warrior. The orc warrior hits you with a flail!
The orc warrior hits you with a mace!!
Unknown command.
You feel very mighty all of a sudden. The orc knight misses you.
The orc warrior barely misses you. The orc warrior misses you.
You closely miss the orc warrior.
The orc warrior is lightly wounded.
You barely miss the orc knight. You slash the orc warrior!
You burn the orc warrior.
The orc knight hits you with a great mace!!
The orc warrior closely misses you. The orc warrior barely misses you.
Unknown command.
You closely miss the orc warrior.
The orc warrior is lightly wounded.
You hit the orc knight. You burn the orc knight.
You hit the orc warrior but do no damage.
The orc knight hits you with a great mace!!!
Ouch! That really hurt!
You die...

##.## ###.#.....##### #...#
##....#.....##.## #...#
#....#...#......#
##..######....#.........##
#....#.###....#..........#
#####.......#...#........#..##
##.##....................##...#
#.......................####.##
##............o@o.....### ###
#.....##........o#...## ########
##.####...........#..####.#.##[#
###.............#..)[.......)[<
#...............[....(..#.(.)#
#...##.........)...#..#####[..
##..........##..[.###.#.#.#[[.
##.#..#...####.##........)[..
##........#####.........)...


You could see an orc knight and 2 orc warriors.

Vanquished Creatures
  Erolcha (D:10)
  2 two-headed ogres
  Erica (D:10)
  An ugly thing (D:10)
  2 cyclopes
  An orc sorcerer (Orc:1)
  A spiny frog (Lair:1)
  2 komodo dragons (Lair:3)
  3 trolls
  2 hornets
  A polar bear (D:9)
  3 hippogriffs
  A basilisk (Lair:2)
  A steam dragon (Lair:3)
  7 yaks
  Grum (D:9)
  An acid dragon (D:11)
  A soldier ant (D:8)
  9 water moccasins
  3 porcupines
  10 orc warriors
  6 ice beasts
  A black bear (D:7)
  A necrophage (D:6)
  A centaur (D:7)
  8 ogres
  8 wolves
  3 crocodiles
  5 bullfrogs
  A big kobold (D:9)
  A water moccasin zombie (D:11)
  A scorpion (D:4)
  4 wights (D:11)
  10 killer bees (D:7)
  4 electric eels
  5 crimson imps
  A jelly (D:6)
  A bullfrog skeleton (D:10)
  A centaur skeleton (D:8)
  12 orc priests
  11 hounds
  15 orc wizards
  2 iguanas (D:7)
  Natasha (thrice) (D:3)
  6 worker ants
  A hound skeleton (D:5)
  A hound zombie (D:7)
  14 adders
  A gnoll (D:4)
  A howler monkey skeleton (D:4)
  A shadow imp (D:7)
  4 white imps
  3 ufetubi
  An ooze (D:3)
  4 worms
  2 dart slugs
  7 leopard geckos
  52 orcs
  6 bats
  6 giant cockroaches
  8 goblins
  11 hobgoblins
  13 jackals
  A quokka (D:9)
  3 ball pythons
  6 frilled lizards
  14 kobolds
  A leopard gecko skeleton (D:8)
  2 quokka skeletons (D:5)
  11 rats
  2 plants
341 creatures vanquished.

Vanquished Creatures (others)
  A hydra (Lair:3)
  A cyclops (Orc:1)
2 creatures vanquished.

Grand Total: 343 creatures vanquished

Notes
Turn   | Place    | Note
-------+----------+-------------------------------------------
     0 | Abyss:1  | Borgoz the Gargoyle Abyssal Knight began the quest for the Orb.
     0 | Abyss:1  | Reached XP level 1. HP: 14/14 MP: 2/2
   104 | Abyss:1  | Noticed a large abomination
   117 | Abyss:1  | Noticed a starcursed mass
   124 | D:1      | Escaped the Abyss
   128 | D:1      | Reached skill level 1 in Dodging
   128 | D:1      | Reached XP level 2. HP: 7/19 MP: 1/3
   431 | D:1      | Reached * piety under Lugonu
   609 | D:1      | Reached XP level 3. HP: 16/23 MP: 4/4
  1078 | D:2      | Reached XP level 4. HP: 19/29 MP: 5/5
  1378 | D:2      | Found a hide-covered altar of Uskayaw.
  1404 | D:2      | Reached ** piety under Lugonu
  2132 | D:3      | Noticed Natasha
  2136 | D:3      | Killed Natasha
  2136 | D:3      | Reached XP level 5. HP: 25/33 MP: 7/7
  2265 | D:3      | Noticed Natasha
  2271 | D:3      | Killed Natasha
  2271 | D:3      | Reached XP level 6. HP: 34/39 MP: 8/8
  2292 | D:3      | Noticed Natasha
  2300 | D:3      | Killed Natasha
  2785 | D:4      | Reached *** piety under Lugonu
  2806 | D:4      | Got a fine hand axe
  2807 | D:4      | Identified the +6 hand axe "Dafoistri" {flame, Str+3} (You found it on level 4 of the Dungeon)
  2886 | D:4      | Reached XP level 7. HP: 26/44 MP: 9/9
  3170 | D:5      | Entered Level 5 of the Dungeon
  3170 | D:5      | Found a shimmering altar of Xom.
  3183 | D:5      | Reached skill level 5 in Fighting
  3266 | D:4      | Found a white marble altar of Elyvilon.
  3267 | D:4      | Found a radiant altar of Vehumet.
  3271 | D:4      | Found an opulent altar of Gozag.
  3271 | D:4      | Found an iron altar of Okawaru.
  3654 | D:5      | Found a staircase to the Ecumenical Temple.
  3679 | D:5      | Reached XP level 8. HP: 28/50 MP: 11/11
  3889 | D:5      | Reached skill level 5 in Armour
  3900 | D:5      | Reached **** piety under Lugonu
  3910 | D:5      | Reached skill level 5 in Invocations
  4086 | D:5      | Found Edoqin's Magic Scroll Boutique.
  4094 | D:5      | Bought a scroll of identify for 24 gold pieces
  4094 | D:5      | Bought a scroll of identify for 24 gold pieces
  4094 | D:5      | Bought a scroll of identify for 24 gold pieces
  4113 | D:5      | Found a shimmering altar of Xom.
  4113 | D:5      | Found a burning altar of Makhleb.
  4116 | D:5      | Found a shattered altar of Ashenzari.
  4319 | D:6      | Found a shadowy altar of Dithmenos.
  5095 | D:7      | Reached XP level 9. HP: 36/56 MP: 13/13
  5135 | D:7      | Found Zin's Purification Station.
  5137 | D:7      | Found a glowing silver altar of Zin.
  5140 | D:7      | Bought a potion of curing for 90 gold pieces
  5160 | D:7      | Found Weosh's Food Shoppe.
  5238 | D:7      | Reached skill level 5 in Axes
  5554 | D:8      | Noticed a two-headed ogre
  5688 | D:8      | Reached ***** piety under Lugonu
  5733 | D:8      | Noticed a hornet
  5740 | D:8      | Killed a hornet
  6115 | D:8      | Killed a two-headed ogre
  6115 | D:8      | Reached skill level 5 in Dodging
  6115 | D:8      | Reached XP level 10. HP: 53/64 MP: 15/15
  6297 | D:8      | Noticed a cyclops
  6310 | D:8      | Killed a cyclops
  6722 | D:9      | Noticed Grum
  6736 | D:9      | HP: 2/64 [Grum/vampiric spear (10)]
  7173 | D:9      | Killed Grum
  7516 | D:9      | Found a faded altar of an unknown god.
  7516 | D:9      | Found a sacrificial altar of Ru.
  7521 | D:9      | Found a hazy altar of Hepliaklqana.
  7523 | D:9      | Found a deep blue altar of Sif Muna.
  7524 | D:9      | Found a faded altar of an unknown god.
  7699 | D:10     | Entered Level 10 of the Dungeon
  7699 | D:10     | Noticed Erolcha
  7704 | D:10     | Noticed Erica
  7784 | D:10     | Noticed a two-headed ogre
  7794 | D:10     | Killed a two-headed ogre
  7794 | D:10     | Reached XP level 11. HP: 56/69 MP: 17/17
  7978 | D:10     | Killed Erolcha
  8000 | D:10     | Killed Erica
  8134 | D:10     | Found Ichoreha's Weapon Boutique.
  8134 | D:10     | Found a staircase to the Orcish Mines.
  8382 | D:10     | Found a staircase to the Lair.
  8668 | Orc:1    | Entered Level 1 of the Orcish Mines
  8668 | Orc:1    | Noticed an orc sorcerer
  8668 | Orc:1    | Noticed a cyclops
  8686 | D:10     | Killed a cyclops
  8758 | D:11     | Noticed Urug
  8872 | D:11     | Noticed a purple ugly thing
  8900 | D:10     | Killed a purple ugly thing
  9371 | Orc:1    | Noticed a soul eater
  9371 | Orc:1    | Killed an orc sorcerer
  9521 | Orc:1    | Reached ****** piety under Lugonu
  9620 | Orc:1    | Noticed a cyclops
  9751 | Orc:1    | Banished a cyclops
 10020 | Orc:2    | Entered Level 2 of the Orcish Mines
 10020 | Orc:2    | Found a staircase to the Elven Halls.
 10055 | Orc:1    | Noticed an orc knight
 10065 | Orc:2    | Reached XP level 12. HP: 52/77 MP: 19/19
 10074 | Orc:2    | Reached skill level 10 in Fighting
 10184 | Orc:2    | HP: 2/77 [orc priest/divine providence (7)]
 10359 | Lair:1   | Entered Level 1 of the Lair of Beasts
 10494 | Lair:1   | HP: 2/77 [acid (12)]
 12035 | Lair:3   | Reached skill level 10 in Armour
 12401 | Lair:3   | Noticed a seven-headed hydra
 12403 | Lair:3   | Banished a seven-headed hydra
 12489 | Lair:3   | Reached skill level 10 in Invocations
 13140 | D:5      | Bought a scroll of teleportation for 36 gold pieces
 13140 | D:5      | Bought a scroll of teleportation for 36 gold pieces
 13271 | Orc:2    | Found Cuhyfarch's Antique Armour Shoppe.
 13277 | Orc:1    | Demolished by an orc knight

Vault maps used:
D:1:      dpeg_arrival_central
D:2:      lemuel_crystal_altar, serial_park_tiny_pond
D:3:      uniq_natasha
D:4:      cheibrodos_barr_body, chequers_temple_overflow_statue_of_worship,
          first_ration
D:5:      minitemple, minmay_temple_entry_butterflies, serial_shops, shop,
          xom_teletrap_fun
D:6:      nicolae_dithmenos_through_a_glass_darkly
D:7:      zin_purify, serial_shops, kennysheep_little_box
D:8:      hangedman_pestilent_swarm
D:9:      chequers_temple_overflow_minitemple, serial_ice, serial_ice_h,
          serial_ice_k, serial_ice_n, serial_ice_f, uniq_grum
D:10:     erik_lair_island, orc_david_3, uniq_erica, uniq_erolcha
D:11:     uniq_urug
Lair:1:   serial_bayou_shore_b, infiniplex_staircase_pool, grunt_megastairs_1,
          serial_bayou_shore_b, minmay_lair_oklob_chamber
Lair:3:   nicolae_quartered_pool_super, cheibrodos_lair_reptile_den
Orc:2:    grunt_orc_gardens, grunt_orc_garden, grunt_orc_garden,
          grunt_orc_garden, grunt_orc_garden
Abyss:1:  grunt_abyss_exit_deep_breaths

Skill      XL: |  1  2  3  4  5  6  7  8  9 10 11 12 |
---------------+-------------------------------------+-----
Dodging        | 1 2 3 4 5 6 7 |  7.6
Axes           | 2 3 4 6 7 8 |  8.4
Fighting       | 4 5 6 7 8 9 10 | 10.4
Armour         | 3 4 5 7 8 9 10 | 10.1
Invocations    | 3 4 5 7 8 9 10 | 10.0

Action                   |  1- 3 |  4- 6 |  7- 9 | 10-12 || total
-------------------------+-------+-------+-------+-------++-------
Melee: Hand axe          |   109 |    93 |   265 |   673 ||  1140
       War axe           |       |    89 |       |       ||    89
Invok: Depart the Abyss  |     1 |       |       |       ||     1
       Bend Space        |       |       |     2 |     1 ||     3
       Banish            |       |       |       |     3 ||     3
Evoke: Wand              |       |       |     2 |     5 ||     7
  Use: Potion            |       |     2 |     1 |    11 ||    14
       Scroll            |       |       |    11 |    17 ||    28
 Stab: Sleeping          |       |     1 |     2 |     1 ||     4
       Invisible         |       |       |       |     3 ||     3
  Eat: Chunk             |     1 |     6 |    10 |    21 ||    38
       Ration            |       |       |       |     1 ||     1
Armor: Leather armour    |    59 |   101 |   122 |   205 ||   487
       Skin              |       |       |       |     6 ||     6
Dodge: Dodged            |    71 |   140 |   207 |   507 ||   925

Table legend:
 A = Spawn XP
 B = Non-spawn XP
 C = Spawn XP percentage of total XP
 D = Spawn monster count
 E = Non-spawn monster count
 F = Spawn count percentage of total count
 G = Total turns spent on level
                    A         B        C        D         E        F      G
               +---------+---------+-------+---------+---------+-------+---------
         Total |       0 |   23974 |   0.0 |       0 |     341 |   0.0 | 13277
               +---------+---------+-------+---------+---------+-------+---------
           D:1 |       0 |      38 |   0.0 |       0 |      23 |   0.0 |   817
           D:2 |       0 |      80 |   0.0 |       0 |      28 |   0.0 |   847
           D:3 |       0 |     278 |   0.0 |       0 |      33 |   0.0 |   844
           D:4 |       0 |     652 |   0.0 |       0 |      31 |   0.0 |   948
           D:5 |       0 |     759 |   0.0 |       0 |      19 |   0.0 |   693
           D:6 |       0 |     463 |   0.0 |       0 |       6 |   0.0 |   758
           D:7 |       0 |    1305 |   0.0 |       0 |      22 |   0.0 |   650
           D:8 |       0 |    2846 |   0.0 |       0 |      32 |   0.0 |  1123
           D:9 |       0 |    2947 |   0.0 |       0 |      38 |   0.0 |  1251
          D:10 |       0 |    5892 |   0.0 |       0 |      38 |   0.0 |  1500
          D:11 |       0 |     899 |   0.0 |       0 |       9 |   0.0 |   363
        Lair:1 |       0 |    1182 |   0.0 |       0 |       8 |   0.0 |  1052
        Lair:2 |       0 |    1209 |   0.0 |       0 |       6 |   0.0 |   758
        Lair:3 |       0 |    2982 |   0.0 |       0 |      16 |   0.0 |   851
         Orc:1 |       0 |    1886 |   0.0 |       0 |      26 |   0.0 |   566
         Orc:2 |       0 |     548 |   0.0 |       0 |       5 |   0.0 |   132
       Abyss:1 |       0 |       8 |   0.0 |       0 |       1 |   0.0 |   124
               +---------+---------+-------+---------+---------+-------+---------
